 Dungeon Crawl Stone Soup version 0.30.0-29-ga12c61a403 (webtiles) character file.

Game seed: 17478838738553607030

9275 Dordric the Severer (level 11, 0/95 HPs)
             Began as a Minotaur Monk on June 15, 2023.
             Was an Elder of Makhleb.
             Slain by a two-headed ogre
             ... wielding a +0 giant club
              (8 damage)
             ... on level 10 of the Dungeon.
             The game lasted 00:14:57 (8161 turns).

Dordric the Severer (Minotaur Monk)                 Turns: 8161, Time: 00:14:59

Health: 0/95       AC: 12    Str: 19    XL:     11   Next: 20%
Magic:  14/14      EV: 12    Int:  7    God:    Makhleb [****..]
Gold:   461        SH:  0    Dex: 14    Spells: 10/10 levels left

rFire   . . .        f - +2 battleaxe (flame)
rCold   . . .        (shield currently unavailable)
rNeg    . . .        Q - +0 swamp dragon scales
rPois   +            (helmet restricted)
rElec   .            O - +1 cloak
rCorr   .            (no gloves)
SInv    .            q - +0 pair of boots
Will    .....        r - amulet of regeneration
Stlth   +            L - ring of poison resistance
HPRegen 1.15/turn    (no ring)
MPRegen 0.14/turn

%: no passive effects
@: slowed, very slow
A: horns 2, retaliatory headbutt, talons 1, iridescent scales 1
a: Renounce Religion, Minor Destruction, Lesser Servant of Makhleb, Major
Destruction


You were on level 10 of the Dungeon.
You worshipped Makhleb.
Makhleb was greatly pleased with you.
You visited 2 branches of the dungeon, and saw 11 of its levels.

You collected 461 gold pieces.

Inventory:

Hand Weapons
 a - a +0 hand axe
 f - a +2 battleaxe of flaming (weapon)
 H - a +0 war axe
 R - a +2 war axe
Missiles
 E - 2 throwing nets (quivered)
Armour
 b - a +0 robe
 d - an orb of light
 e - a +0 ring mail
 q - a +0 pair of boots (worn)
 B - a +0 chain mail
 D - a scarf of repulsion
 O - a +1 cloak (worn)
 Q - +0 swamp dragon scales (worn)
Jewellery
 r - an amulet of regeneration (around neck)
 L - a ring of poison resistance (left hand)
 S - a ring of protection from cold
 T - an amulet of the acrobat
Wands
 j - a wand of charming (9)
 u - a wand of polymorph (9)
 I - a wand of flame (42)
 J - a wand of roots (6)
 N - a wand of light (13)
 V - a wand of digging (2)
Scrolls
 g - 3 scrolls of magic mapping
 h - 11 scrolls of teleportation
 l - 5 scrolls of immolation
 n - 2 scrolls of poison
 p - a scroll of torment
 t - 3 scrolls of fear
 x - a scroll of summoning
 y - a scroll of enchant armour
 z - 5 scrolls of noise
 C - 2 scrolls of amnesia
 U - a scroll of blinking
 W - a scroll of enchant weapon
Potions
 c - a potion of ambrosia
 i - a potion of berserk rage {unknown}
 k - a potion of cancellation {unknown}
 m - 2 potions of curing
 o - a potion of brilliance {unknown}
 s - a potion of flight
 v - 2 potions of mutation
 w - 2 potions of attraction {unknown}
 A - 3 potions of degeneration {unknown}
 F - a potion of haste {unknown}
 G - 3 potions of might {unknown}
 K - a potion of lignification
 M - 2 potions of heal wounds
 P - a potion of resistance {unknown}


   Skills:
 - Level 8.6 Fighting
 + Level 17.7 Axes
 - Level 3.2 Dodging
 - Level 6.3 Invocations


You had 10 spell levels left.
You didn't know any spells.
Your spell library contained the following spells:

 Spells                   Type           Power      Damage    Failure   Level
 Blink                    Tloc           0%         N/A       77%         2
 Cigotuvi's Dreadful Rot  Necr/Pois/Air  0%         N/A       77%         2
 Lesser Beckoning         Tloc           0%         N/A       77%         2
 Momentum Strike          Conj/Tloc      0%         3d8       77%         2
 Sublimation of Blood     Necr           0%         N/A       77%         2
 Call Canine Familiar     Summ           0%         N/A       94%         3
 Dazzling Flash           Conj/Hex       0%         N/A       94%         3
 Hailstorm                Conj/Ice       0%         3d3       94%         3
 Ignite Poison            Fire/Tmut/Pois 0%         N/A       94%         3
 Inner Flame              Hex/Fire       0%         N/A       94%         3
 Portal Projectile        Hex/Tloc       0%         N/A       94%         3
 Volatile Blastmotes      Fire/Tloc      0%         2d10      94%         3
 Ice Form                 Ice/Tmut       0%         N/A       100%        4
 Iskenderun's Mystic Bla  Conj/Tloc      0%         2d3       100%        4
 Leda's Liquefaction      Hex/Erth       0%         N/A       100%        4
 Petrify                  Tmut/Erth      0%         N/A       100%        4
 Freezing Cloud           Conj/Ice/Air   0%         6-21      100%        5
 Irradiate                Conj/Tmut      0%         3d11      100%        5
 Yara's Violent Unravell  Hex/Tmut       0%         3d3       100%        5
 Simulacrum               Ice/Necr       0%         N/A       100%        6
 Starburst                Conj/Fire      0%         6d3       100%        6
 Enfeeble                 Hex            0%         N/A       100%        7


Dungeon Overview and Level Annotations

Branches:
Dungeon (10/15)            Temple (1/1) D:6            Lair (0/5) D:9
    Orc: D:9-12

Altars:
Ashenzari
Cheibriados
Dithmenos
Elyvilon
Fedhas
Gozag
Hepliaklqana
Kikubaaqudgha
Makhleb
Nemelex Xobeh
Okawaru
Qazlal
Ru
Sif Muna
Trog
Uskayaw
Vehumet
Wu Jian
Xom
Yredelemnul
Zin
The Shining One

Shops:
D:1 :=   D:7 *

Annotations:
D:5 Ijyb
D:6 1 runed translucent door, LustLizard's ghost, novice OpBe
D:8 2 runed translucent doors, jurchenman's ghost, journeyman DEFE


Innate Abilities, Weirdness & Mutations

You have a pair of horns on your head.
You reflexively headbutt those who attack you in melee.
You have sharp toenails.
You are partially covered in iridescent scales. (AC +2)


Message History

No target in view!
No target in view!
You're standing in a cloud of steam!
Unknown command.
A wraith comes into view.
You closely miss the steam dragon.
You headbutt the steam dragon, but do no damage.
The steam dragon breathes steam at you. The ball of steam misses you.
You hit the steam dragon but do no damage.
You hit the wraith but do no damage.
You are engulfed in a cloud of scalding steam.
You slice the steam dragon!! You burn the steam dragon!
You kill the steam dragon!
Makhleb accepts your kill.
You feel better.
The steam dragon scales are intact enough to wear.
You barely miss the wraith. The wraith hits you. The wraith drains your vigour!
You feel yourself slow down.
You completely miss the two-headed ogre.
You slash the wraith! You burn the wraith. The wraith closely misses you.
You furiously retaliate!
You headbutt the wraith!
The two-headed ogre hits you with a +0 giant club!!
The two-headed ogre hits you with a +0 giant spiked club!
You hit the two-headed ogre. You burn the two-headed ogre.
You headbutt the two-headed ogre.
The two-headed ogre is lightly wounded.
You slice the wraith!! You burn the wraith.
You destroy the wraith!
Makhleb accepts your kill.
You feel better.
The two-headed ogre hits you with a +0 giant club!!
The two-headed ogre closely misses you.
You hit the two-headed ogre. You burn the two-headed ogre.
You headbutt the two-headed ogre!
The two-headed ogre is moderately wounded.
The two-headed ogre hits you with a +0 giant club!!
* * * LOW HITPOINT WARNING * * *
The two-headed ogre hits you with a +0 giant spiked club!
You die...

......# ....#
...#######>..# ....
........ .... ....
......####.. .....
...#### #...## .....
.....## #.#..# ......
...#..###.##.#####......
...##........../........
#########.###...@O......
#..# ###....#.... #.##
...##...... #. #####
####.. .. ... ...


You could see a two-headed ogre.

Vanquished Creatures
  The ghost of PerfectTommy the Cleaver, a novice MiFi of Okawaru (D:9)
  Pikel (D:6)
  A rime drake (D:9)
  Psyche (D:8)
  Maggie (D:7)
  A red devil (D:7)
  A troll (D:9)
  A polar bear (D:9)
  A hornet (D:10)
  Prince Ribbit (D:8)
  5 yaks (D:9)
  2 wyverns
  A wraith (D:10)
  2 steam dragons
  Grum (D:8)
  An acid dragon (D:9)
  2 water moccasins
  2 sky beasts
  A black bear (D:6)
  7 ice beasts
  An orc warrior (D:9)
  3 ogres
  2 wolves (D:8)
  A lemure (D:6)
  3 centaurs
  5 phantoms (D:5)
  2 bullfrogs (D:8)
  A kobold brigand (D:9)
  2 gnoll sergeants
  2 scorpions (D:6)
  9 wights
  2 water moccasin zombies (D:5)
  6 killer bees (D:9)
  A howler monkey (D:5)
  2 bullfrog zombies (D:5)
  A gnoll bouda (D:5)
  2 jellies
  2 hounds
  3 orc priests
  Crazy Yiuf (D:6)
  2 iguanas
  12 orc wizards
  2 hound zombies (D:5)
  A hound skeleton (D:5)
  7 adders
  A howler monkey skeleton (D:5)
  32 gnolls
  3 shadow imps
  4 white imps
  An ufetubus (D:7)
  An adder zombie (D:5)
  A worm (D:3)
  2 dart slugs
  36 orcs
  6 endoplasms
  2 giant cockroaches
  3 goblins
  3 hobgoblins
  3 jackals (D:2)
  4 kobolds
  2 quokkas
  5 ball pythons
  A bat (D:1)
  A frilled lizard (D:3)
  4 rats
  A butterfly (D:6)
225 creatures vanquished.

Notes
Turn   | Place    | Note
-------+----------+-------------------------------------------
     0 | D:1      | Dordric the Minotaur Monk began the quest for the Orb.
     0 | D:1      | Reached XP level 1. HP: 19/19 MP: 0/0
    22 | D:1      | Found Oqezxush's Jewellery Shoppe.
    79 | D:1      | Reached skill level 4 in Axes
   100 | D:1      | Reached XP level 2. HP: 26/26 MP: 1/1
   182 | D:1      | Found Urghi's Book Boutique.
   734 | D:2      | Reached skill level 5 in Axes
   860 | D:2      | Reached XP level 3. HP: 31/31 MP: 2/2
  1456 | D:3      | You fall into a shaft and drop 1 floor!
  1461 | D:3      | Noticed an ice beast
  1478 | D:3      | Killed an ice beast
  1479 | D:3      | Reached skill level 6 in Axes
  1479 | D:3      | Reached XP level 4. HP: 16/39 MP: 3/3
  1600 | D:3      | Found an ornate altar of the Wu Jian Council.
  1634 | D:3      | Reached XP level 5. HP: 45/45 MP: 4/4
  1665 | D:3      | Reached skill level 7 in Axes
  2052 | D:3      | Reached skill level 8 in Axes
  2448 | D:4      | Reached XP level 6. HP: 45/51 MP: 5/5
  2952 | D:5      | Entered Level 5 of the Dungeon
  2952 | D:5      | Found a shadowy altar of Dithmenos.
  2960 | D:5      | Reached skill level 9 in Axes
  3289 | D:5      | Reached XP level 7. HP: 57/57 MP: 6/6
  3300 | D:5      | Found a glowing silver altar of Zin.
  3323 | D:5      | Found a sacrificial altar of Ru.
  3328 | D:5      | Noticed Ijyb
  3376 | D:5      | Reached skill level 10 in Axes
  3567 | D:5      | Found a shimmering blue altar of Sif Muna.
  3725 | D:5      | Reached skill level 11 in Axes
  3745 | D:5      | Reached XP level 8. HP: 51/64 MP: 7/7
  3746 | D:5      | Reached skill level 12 in Axes
  4238 | D:6      | Reached skill level 13 in Axes
  4298 | D:6      | Found a staircase to the Ecumenical Temple.
  4329 | Temple   | Entered the Ecumenical Temple
  4580 | Temple   | Became a worshipper of Makhleb the Destroyer
  4580 | Temple   | Reached * piety under Makhleb
  4580 | Temple   | Reached ** piety under Makhleb
  4711 | D:6      | Noticed Pikel
  4726 | D:6      | Killed Pikel
  4727 | D:6      | Reached skill level 14 in Axes
  4727 | D:6      | Reached XP level 9. HP: 38/70 MP: 8/8
  4914 | D:6      | Found a runed translucent door.
  4915 | D:6      | Noticed LustLizard's ghost (novice OpBe)
  5078 | D:6      | Found a runed translucent door.
  5079 | D:6      | Noticed Crazy Yiuf
  5302 | D:6      | Killed Crazy Yiuf
  5341 | D:7      | Noticed a sixfirhy
  5350 | D:7      | Found a runed translucent door.
  5362 | D:7      | Noticed Maggie
  5380 | D:7      | Killed Maggie
  5381 | D:7      | Reached skill level 15 in Axes
  5474 | D:7      | Found Cuod Bearo's Fire Supplies.
  5603 | D:7      | Reached skill level 16 in Axes
  5615 | D:7      | Reached skill level 1 in Invocations
  5635 | D:7      | Reached *** piety under Makhleb
  5636 | D:7      | Reached skill level 5 in Fighting
  5971 | D:7      | a sixfirhy changed into a red devil
  5971 | D:7      | Noticed a red devil
  5975 | D:7      | Killed a red devil
  6185 | D:8      | Noticed Psyche
  6223 | D:8      | Killed Psyche
  6224 | D:8      | Reached XP level 10. HP: 59/83 MP: 11/11
  6226 | D:8      | Found a sparkling altar of Nemelex Xobeh.
  6249 | D:8      | Found a hazy altar of Hepliaklqana.
  6493 | D:8      | Noticed Prince Ribbit
  6515 | D:8      | Killed Prince Ribbit
  6641 | D:8      | Found a large runed translucent door.
  6641 | D:8      | Found a large runed translucent door.
  6645 | D:8      | Noticed jurchenman's ghost (journeyman DEFE)
  6675 | D:8      | Noticed Grum
  6690 | D:8      | Killed Grum
  6691 | D:8      | Reached skill level 5 in Invocations
  7089 | D:9      | Found a large runed translucent door.
  7089 | D:9      | Found a large runed translucent door.
  7091 | D:9      | Noticed PerfectTommy's ghost (novice MiFi)
  7300 | D:9      | Killed PerfectTommy's ghost
  7461 | D:9      | Reached **** piety under Makhleb
  7472 | D:9      | Reached skill level 17 in Axes
  7472 | D:9      | Reached XP level 11. HP: 72/95 MP: 14/14
  7575 | D:9      | Found a staircase to the Lair.
  7844 | D:9      | Found an ancient bone altar of Kikubaaqudgha.
  7986 | D:9      | Gained mutation: You are agile. (Dex +4, Str/Int -1)
                  | [potion of mutation]
  7987 | D:9      | Lost mutation: You are agile. (Dex +4, Str/Int -1) [potion
                  | of mutation]
  7987 | D:9      | Gained mutation: You have sharp toenails. [potion of
                  | mutation]
  7987 | D:9      | Gained mutation: You are partially covered in iridescent
                  | scales. (AC +2) [potion of mutation]
  8006 | D:10     | Entered Level 10 of the Dungeon
  8153 | D:10     | Noticed a two-headed ogre
  8161 | D:10     | Slain by a two-headed ogre

Illustrated notes

Levels and vault maps discovered:
D:1:      onia_arrival_pentagram, layout_loops_ring, serial_shops,
          nicolae_shop_statue_plus, shop
D:2:      layout_loops_ring
D:3:      layout_basic, overflow_temple_1_default
D:4:      layout_basic
D:5:      layout_loops_corners, tgw_sif, mainiacjoe_overflow_small_starburst,
          mainiacjoe_overflow_catch_the_wave, serial_undead, serial_undead_a,
          serial_undead_d, serial_undead_d, serial_undead_f, uniq_ijyb
D:6:      layout_cave_pools, minmay_temple_entry_butterflies,
          ebering_ghost_sewer_d, kennysheep_generic_room_16, uniq_pikel,
          uniq_crazy_yiuf_cottage
D:7:      cheibrodos_shockbox, layout_rooms, nicolae_shop_fire_sale
          [nicolae_sub_dead_trees], uniq_maggie
D:8:      layout_basic, mainiacjoe_overflow_alcove_1,
          nicolae_overflow_crystal_walls, ebering_ghost_disaster_area,
          uniq_grum, uniq_prince_ribbit1, uniq_psyche
D:9:      layout_roguey, mainiacjoe_overflow_six_doors_small,
          hellmonk_lair_entry_icy, ebering_ghost_disaster_area,
          fungi_pond_lemuel
D:10:     layout_rooms, orc_0_dummy, uniq_lodul
Temple:   minmay_temple_curvy_branch

Skill      XL: |  1  2  3  4  5  6  7  8  9 10 |
---------------+-------------------------------+-----
Axes           | 4 5 6 8 9 11 14 16 17 | 17.7
Fighting       | 5 8 |  8.6
Invocations    | 3 6 |  6.3
Dodging        | |  3.2

Action                     |  1- 3 |  4- 6 |  7- 9 | 10-12 || total
---------------------------+-------+-------+-------+-------++-------
  Melee: Hand axe          |    51 |   102 |       |       ||   153
         Headbutt          |    13 |    25 |    79 |    54 ||   171
         War axe           |       |     5 |   247 |   105 ||   357
         Battleaxe         |       |       |       |   119 ||   119
  Evoke: Wand              |       |       |     1 |       ||     1
    Use: Scroll            |       |       |    13 |     2 ||    15
         Potion            |       |       |     1 |     5 ||     6
   Stab: Sleeping          |       |       |     1 |       ||     1
 Armour: Ring mail         |    14 |    15 |       |       ||    29
         Chain mail        |       |     8 |    84 |       ||    92
         Swamp dragon scal |       |       |    34 |    69 ||   103
         Skin              |       |       |       |     3 ||     3
  Dodge: Dodged            |    26 |    43 |   111 |    94 ||   274
